 Dungeon Crawl Stone Soup version 0.30-a0-170-g85af917532 (webtiles) character file.

Game seed: 18008927364761621509

240762 qw the Peltast (level 19, -12/128 HPs)
             Began as a Gargoyle Fighter on Sept 30, 2022.
             Was a High Priest of Okawaru.
             Killed from afar by an antique lich (73 damage)
             ... with a crystal spear
             ... in a wizard's laboratory.
             The game lasted 00:18:27 (35909 turns).

qw the Peltast (Gargoyle Fighter)                  Turns: 35909, Time: 00:18:27

Health: -12/128    AC: 48    Str: 29    XL:     19   Next: 79%
Magic:  35/35      EV: 14    Int: 10    God:    Okawaru [*****.]
Gold:   2417       SH: 24    Dex: 16    Spells: 18/18 levels left

rFire   . . .      SeeInvis +    H - +8 war axe (vamp)
rCold   + + .      Faith    .    b - +0 tower shield
rNeg    + + .      Spirit   .    k - +2 plate armour {rC+}
rPois   inf        Reflect  .    l - +2 helmet
rElec   +          Harm     .    r - scarf {repulsion}
rCorr   .          Rampage  .    m - -1 pair of gloves of Action {MP+9 Str+4}
Will    +....                    z - +2 pair of boots
Stlth   ..........               I - amulet "Ydidado" {rPois rN+ Regen+}
HPRegen 1.11/turn                C - ring "Xekkipisk" {AC+4 Dex+3}
MPRegen 0.24/turn                n - ring of see invisible

@: heroic, flying, repel missiles
A: sickness immunity, AC +14, big wings, negative energy resistance 1,
electricity resistance, torment resistance 1, petrification resistance, agile 1,
cold resistance 1, sense surroundings 1, noise suppression
}: 1/15 runes: gossamer
a: Renounce Religion, Heroism, Finesse, Duel


You were in a wizard's laboratory.
You worshipped Okawaru.
Okawaru was extremely pleased with you.
You visited 7 branches of the dungeon, and saw 32 of its levels.
You also visited: Gauntlet and Wizlab.

You collected 4122 gold pieces.
You spent 1705 gold pieces at shops.


Innate Abilities, Weirdness & Mutations

You are immune to sickness and miasma.
Your stone body is resilient. (AC +14)
You are immune to poison.
Your large and strong wings let you fly.
You resist negative energy. (rN+)
You are resistant to electric shocks. (rElec)
You are resistant to unholy torment.
You are immune to petrification.
You are agile. (Dex +4, Str/Int -1)
Your flesh is cold resistant. (rC+)
You passively map a small area around you.
You passively dampen the noise of your surroundings.


   Skills:
 - Level 17.0(22.0) Fighting
 - Level 16.4(21.4) Axes
 - Level 8.0(13.0) Throwing
 - Level 16.0(21.0) Armour
 - Level 7.0(12.0) Dodging
 + Level 19.3(24.3) Shields
 - Level 10.0 Invocations


You had 18 spell levels left.
You didn't know any spells.
Your spell library was empty.

Inventory:

Hand Weapons
 e - a +4 broad axe of freezing
 H - a +8 vampiric war axe (weapon)
Missiles
 j - 3 silver boomerangs (quivered)
 q - 33 boomerangs
 F - 4 boomerangs of dispersal
 Q - a javelin
Armour
 b - a +0 tower shield (worn)
 k - a +2 plate armour of cold resistance (worn)
 l - a +2 helmet (worn)
 m - the -1 pair of gloves of Action (worn) {MP+9 Str+4}
   (Okawaru gifted it to you on level 3 of the Lair of Beasts)

   Str:       It affects your strength (+4).
   MP:        It affects your magic capacity (+9).
 r - a scarf of repulsion (worn)
 t - a +0 cloak
 y - a +0 plate armour of fire resistance
 z - a +2 pair of boots (worn)
 G - the +3 ring mail of the Centipede {rElec rF- rCorr Int+4}
   (Okawaru gifted it to you in a Gauntlet)

   Int:       It affects your intelligence (+4).
   rF:        It makes you vulnerable to fire.
   rElec:     It insulates you from electricity.
   rCorr:     It protects you from acid and corrosion.
 N - the -1 kite shield of Okawaru's Whim {rC+ rCorr}
   (Okawaru gifted it to you on level 4 of the Spider Nest)

   rC:        It protects you from cold.
   rCorr:     It protects you from acid and corrosion.
 O - a scarf of resistance
Jewellery
 c - a ring of protection from fire
 f - an amulet of reflection
 n - a ring of see invisible (right hand)
 s - a ring of resist corrosion
 x - a ring of ice
 B - a ring of fire
 C - the ring "Xekkipisk" (left hand) {AC+4 Dex+3}
   (You bought it in a shop on level 11 of the Dungeon)

   [ring of protection]

   AC:        It affects your AC (+4).
   Dex:       It affects your dexterity (+3).
 D - a ring of resist corrosion
 I - the amulet "Ydidado" (around neck) {rPois rN+ Regen+}
   (You took it off a minotaur in a Gauntlet)

   [amulet of regeneration]

   rPois:     It protects you from poison.
   rN:        It protects you from negative energy.
   Regen:     It increases your rate of health regeneration.
 K - a ring of protection from cold
 L - a +4 ring of protection
Scrolls
 a - 4 scrolls of teleportation
 h - 9 scrolls of identify
 J - a scroll of brand weapon
Potions
 d - 9 potions of might
 g - 16 potions of curing
 i - 3 potions of lignification
 o - 2 potions of magic
 p - 2 potions of heal wounds
 u - 14 potions of attraction
 v - 5 potions of haste
 w - 4 potions of cancellation
 A - 3 potions of mutation
 M - a potion of resistance

Dungeon Overview and Level Annotations

Branches:
Dungeon (15/15)            Temple (1/1) D:4            Lair (5/5) D:9
 Shoals (3/4) Lair:2       Spider (4/4) Lair:3        Slime (0/5) Lair:5
    Orc (2/2) D:12            Elf (0/3) Orc:2        Vaults (2/5) D:13
 Depths (0/4) D:15         WizLab (1/1)             Gauntlet (visited)
  Crypt: Vaults:2-3

Altars:
Ashenzari
Cheibriados
Dithmenos
Elyvilon
Fedhas
Gozag
Hepliaklqana
Kikubaaqudgha
Makhleb
Nemelex Xobeh
Okawaru
Qazlal
Ru
Sif Muna
Trog
Uskayaw
Vehumet
Wu Jian
Xom
Yredelemnul
Zin
The Shining One
Jiyva
Lugonu

Shops:
D:4 =   D:11 =*(   D:12 :   D:14 *   Orc:2 [:?*   Shoals:1 :

Portals:
Abyss: Lair:5

Annotations:
D:5 4 runed translucent doors, qw's ghost, novice GrFi
D:12 3 runed translucent doors, BraveToast's ghost, journeyman FoFi
Lair:5 1 runed translucent door


Message History

Okawaru accepts your kill.
There is an open door here.
Things that are here:
a +2 great sword of draining; a +0 chain mail; a +0 flail You reach down and open the door.
There is an open door here.
An antique lich comes into view.
You block the antique lich's attack.
You barely miss the antique lich. You slash the antique lich!
The antique lich is lightly damaged.
The antique lich touches you but does no damage.
You hit the antique lich but do no damage.
The antique lich is lightly damaged.
You block the antique lich's attack.
You closely miss the antique lich.
The antique lich is lightly damaged.
You slash the antique lich!
The antique lich is lightly damaged.
The antique lich mumbles some strange words.
The antique lich seems to speed up.
You slash the antique lich!
The antique lich is moderately damaged.
The antique lich casts a spell at you. The crystal spear hits you!!!
Ouch! That really hurt!
You hit the antique lich but do no damage.
The antique lich is moderately damaged.
The antique lich touches you but does no damage.
You hit the antique lich.
The antique lich is moderately damaged.
The antique lich gestures at you while chanting.
The bolt of acid misses you.
The antique lich touches you but does no damage.
You slice the antique lich!!
The antique lich is heavily damaged.
The antique lich points at you and mumbles some strange words.
The crystal spear hits you!!!!
Ouch! That really hurt!
You die...

#.......#...#...#.......#
77.....##...#...##...)..7
#....###..#####..###....#
7....#....#...#....#....#
#..))#..###...###..#....#
#7...#..+.......'..#....7
#....##*#...8...####....#
7....# #...L...# #....#
#7...# ###.@.### #....#
#....#,,, #...# #....#
7...8### ,##+## ,###....7
#..8...##, * ##.....7#
#.8.....# * ,#..)....#
#..8....#########)......#
#.......8...............#
#7.7.8.................##
##.......8..........7##


You could see an antique lich (fast).

Vanquished Creatures
  Rupert (D:13)
  Polyphemus (Shoals:2)
  A kraken (Shoals:2)
  An ancient champion (WizLab)
  Kirke (D:13)
  Donald (Shoals:2)
  3 emperor scorpions
  Louise (Shoals:2)
  2 vault wardens (Vaults:1)
  A fire giant (D:15)
  6 ghost moths
  2 orc warlords
  9 ironbound preservers
  An ironbound thunderhulk (Vaults:1)
  2 broodmothers
  Nessos (D:14)
  A minotaur (Gauntlet)
  3 dire elephants (Vaults:1)
  5 spark wasps
  An ettin (Orc:1)
  Snorg (D:12)
  A merfolk javelineer (Shoals:1)
  4 entropy weavers
  3 merfolk impalers
  A great orb of eyes (Vaults:2)
  3 yaktaur captains
  A peacekeeper (Vaults:1)
  2 jorogumos (Spider:4)
  An ogre mage (D:15)
  6 hydras
  2 ironbound frosthearts
  3 catoblepae
  4 merfolk avatars
  3 vault guards (Vaults:1)
  A satyr (Shoals:3)
  9 two-headed ogres
  An alligator snapping turtle (Shoals:3)
  4 centaur warriors
  4 merfolk aquamancers
  Erica (D:11)
  A death scarab (Spider:4)
  2 radroaches
  12 boulder beetles
  20 death yaks
  Urug (Lair:2)
  3 thrashing horrors (Lair:5)
  5 orc high priests (Orc:2)
  Sonja (Lair:3)
  26 skeletal warriors
  6 sea snakes
  5 pharaoh ants
  A sun moth (Spider:3)
  11 deep trolls (Vaults:1)
  3 steelbarb worms
  10 orb spiders
  A wizard (D:15)
  4 ironbound convokers
  5 lindwurms
  29 harpies
  A deep elf pyromancer (D:14)
  14 fauns
  18 wolf spiders
  7 orc sorcerers
  10 orc knights
  8 ugly things
  5 cyclopes
  14 manticores
  9 merfolk sirens
  6 elephants
  2 moths of wrath
  2 smoke demons (Lair:5)
  2 black mambas (Lair:4)
  7 water nymphs
  6 vault sentinels
  6 cane toads
  6 demonic crawlers
  Maggie (D:8)
  2 gargoyles (Gauntlet)
  2 torpor snails (Lair:4)
  An unseen horror (D:12)
  5 yaktaurs
  3 kobold demonologists (D:12)
  3 rime drakes
  12 komodo dragons
  A tengu conjurer (D:10)
  3 meliai (Spider:3)
  2 ancient zymes (Lair:5)
  15 merfolk
  6 wind drakes
  6 trolls
  A troll (shapeshifter) (Lair:5)
  A wind drake (shapeshifter) (D:13)
  4 polar bears
  19 tarantellas
  Prince Ribbit (Lair:2)
  7 hornets (Spider:4)
  25 slime creatures
  25 blink frogs
  9 dream sheep
  23 jumping spiders
  5 vampires
  6 snapping turtles
  Sigmund (D:4)
  4 flying skulls (Gauntlet)
  10 culicivoras
  2 ynoxinuls (Lair:5)
  14 water elementals
  A spriggan (Lair:5)
  4 wraiths
  36 yaks
  5 wyverns
  A hog (D:13)
  An elf simulacrum (Vaults:1)
  A golden eye (Gauntlet)
  18 humans
  5 basilisks (Lair:5)
  Grum (D:10)
  48 redbacks
  6 vampire mosquitoes
  A chaos spawn (Lair:5)
  4 wargs
  A two-headed ogre zombie (WizLab)
  2 acid dragons
  22 water moccasins
  A floating eye (Gauntlet)
  A black bear (shapeshifter) (D:14)
  3 large abominations (Lair:5)
  4 ice beasts
  3 black bears
  52 orc warriors
  4 boggarts (D:14)
  16 wolves
  12 centaurs
  8 ogres
  5 kobold brigands
  12 bullfrogs
  A necrophage (D:8)
  4 earth elementals
  7 gnoll sergeants
  2 scorpions
  9 small abominations (Lair:5)
  16 wights
  5 killer bees (D:7)
  8 troll zombies (WizLab)
  5 electric eels
  5 howler monkeys
  24 orc priests
  2 jellies
  2 hounds
  4 iguanas
  Terence (D:2)
  2 hell rats (Lair:4)
  22 orc wizards
  4 ogre zombies (WizLab)
  2 centaur simulacra (D:8)
  10 gnolls
  11 adders
  5 river rats (Lair:4)
  A shadow imp (D:8)
  3 white imps
  2 ufetubi (D:5)
  A worm (D:3)
  A dart slug (D:5)
  105 orcs
  5 ball pythons
  6 endoplasms
  3 giant cockroaches
  11 hobgoblins
  4 bats
  2 frilled lizards
  5 goblins
  A jackal skeleton (D:5)
  A jackal zombie (D:5)
  7 kobolds
  A kobold skeleton (D:5)
  12 rats
  2 tentacles (Shoals:2)
1189 creatures vanquished.

Vanquished Creatures (others)
  An unseen horror (D:12)
  A tarantella (Spider:3)
  A small abomination (Lair:5)
  An orc priest (Orc:2)
  69 fungi
  87 plants
  2 tentacles (Shoals:2)
162 creatures vanquished.

Grand Total: 1351 creatures vanquished

Notes
Turn   | Place    | Note
-------+----------+-------------------------------------------
     0 | D:1      | qw the Gargoyle Fighter began the quest for the Orb.
     0 | D:1      | Reached XP level 1. HP: 14/14 MP: 1/1
     0 | D:1      | 0 ||| qw: Version: 0.2-a-12-gaebbb33
     0 | D:1      | 0 ||| qw: Game counter: 1447
     0 | D:1      | 0 ||| qw: Always use a shield: true
     0 | D:1      | 0 ||| qw: God list: Okawaru
     0 | D:1      | 0 ||| qw: Allow faded altars: false
     0 | D:1      | 0 ||| qw: Do Orc after D:15 true
     0 | D:1      | 0 ||| qw: Do second Lair branch before Depths: true
     0 | D:1      | 0 ||| qw: Lair rune preference: random
     0 | D:1      | 0 ||| qw: Plans: Normal, Zot:1-4, God:TSO, Crypt, Tomb,
                  | Pan, Slime:5, Hells, Abyss, Orb
     0 | D:1      | 0 ||| PLANNING D:1-11
    11 | D:1      | 11 ||| Stepping ~*~*~tactically~*~*~ (stealth).
    35 | D:1      | HP: 3/14 [giant cockroach (1)]
   309 | D:1      | Reached XP level 2. HP: 19/19 MP: 2/2
   515 | D:1      | Found a faded altar of an unknown god.
   625 | D:1      | 625 ||| Stepping ~*~*~tactically~*~*~ (stealth).
  1173 | D:1      | 1173 ||| DROPPING +0 ring mail of poison resistance.
  1174 | D:1      | 1174 ||| UPGRADING to amulet of regeneration.
  1179 | D:1      | 1179 ||| UPGRADING to +6 ring of strength.
  1180 | D:1      | 1180 ||| READING scroll labelled IZOMEE TAING.
  1181 | D:1      | 1181 ||| READING scroll labelled OLUX LEYBIAF.
  1182 | D:1      | 1182 ||| READING scroll labelled NORUUWA QYASTRO.
  1186 | D:1      | 1186 ||| READING scroll labelled UNEPOA JI GAD.
  1187 | D:1      | 1187 ||| READING scroll labelled VOHOUS QILA.
  1188 | D:1      | 1188 ||| READING scroll labelled YDUPSOFYTI.
  1220 | D:2      | Reached skill level 3 in Axes
  1265 | D:2      | Reached XP level 3. HP: 23/23 MP: 3/3
  1290 | D:2      | Noticed a black bear
  1291 | D:2      | 1291 ||| Stepping ~*~*~tactically~*~*~ (stealth).
  1294 | D:2      | 1294 ||| Stepping ~*~*~tactically~*~*~ (stealth).
  1327 | D:2      | Killed a black bear
  1328 | D:2      | Reached skill level 3 in Throwing
  1328 | D:2      | Reached XP level 4. HP: 27/28 MP: 4/4
  1328 | D:2      | Reached XP level 5. HP: 31/32 MP: 5/5
  1384 | D:2      | 1384 ||| DROPPING +0 club.
  1550 | D:2      | Noticed Terence
  1555 | D:2      | Killed Terence
  1893 | D:2      | 1893 ||| UPGRADING to +0 helmet.
  1898 | D:2      | 1898 ||| UPGRADING to amulet of reflection.
  1908 | D:2      | 1908 ||| DROPPING amulet of regeneration.
  1909 | D:2      | 1909 ||| UPGRADING to ring of protection from fire.
  1910 | D:2      | 1910 ||| READING scroll labelled JUISHR LASOIRA.
  1911 | D:2      | 1911 ||| READING 2 scrolls of identify.
  1911 | D:2      | 1911 ||| IDENTIFYING cyan potion
  1912 | D:2      | 1912 ||| DROPPING potion of brilliance.
  1997 | D:3      | 1997 ||| Stepping ~*~*~tactically~*~*~ (stealth).
  2130 | D:3      | 2130 ||| Stepping ~*~*~tactically~*~*~ (stealth).
  2351 | D:3      | Reached XP level 6. HP: 21/37 MP: 6/6
  2735 | D:3      | 2735 ||| READING scroll labelled DONAXT CANI.
  2736 | D:3      | 2736 ||| READING 2 scrolls of identify.
  2736 | D:3      | 2736 ||| IDENTIFYING ruby potion
  2846 | D:4      | Found a staircase to the Ecumenical Temple.
  2847 | D:4      | 2847 ||| PLANNING TEMPLE
  2847 | D:4      | 2847 ||| READING scroll labelled MEADEHYRASH.
  2853 | D:4      | Noticed Sigmund
  2854 | D:4      | 2854 ||| READING 2 scrolls of teleportation.
  2888 | D:4      | 2888 ||| Stepping ~*~*~tactically~*~*~ (stealth).
  2904 | D:4      | Killed Sigmund
  2905 | D:4      | Reached XP level 7. HP: 39/41 MP: 7/7
  2934 | D:4      | 2934 ||| DROPPING +0 mace.
  2952 | D:4      | 2952 ||| Stepping ~*~*~tactically~*~*~ (hiding).
  3096 | Temple   | Entered the Ecumenical Temple
  3165 | Temple   | 3165 ||| PLANNING D:1-11
  3434 | D:4      | Found Ceofeybb's Jewellery Shoppe.
  3437 | D:4      | 3437 ||| SHOPLISTING +4 ring of evasion (396 gold, have
                  | 199).
  3437 | D:4      | 3437 ||| SHOPLISTING +6 ring of dexterity (396 gold, have
                  | 199).
  3437 | D:4      | 3437 ||| SHOPLISTING ring of resist corrosion (220 gold,
                  | have 199).
  3437 | D:4      | 3437 ||| SHOPLISTING ring of willpower (275 gold, have
                  | 199).
  3557 | D:5      | Entered Level 5 of the Dungeon
  3923 | D:5      | Found a runed translucent gate.
  3923 | D:5      | Found a runed translucent gate.
  3925 | D:5      | Found a runed translucent gate.
  3989 | D:5      | 3989 ||| Stepping ~*~*~tactically~*~*~ (hiding).
  3992 | D:5      | 3992 ||| Stepping ~*~*~tactically~*~*~ (stealth).
  3997 | D:5      | 3997 ||| FLEEEEING.
  3998 | D:5      | 3998 ||| FLEEEEING.
  3999 | D:5      | 3999 ||| FLEEEEING.
  4001 | D:5      | 4001 ||| FLEEEEING.
  4002 | D:5      | 4002 ||| FLEEEEING.
  4003 | D:5      | 4003 ||| FLEEEEING.
  4009 | D:5      | 4009 ||| FLEEEEING.
  4154 | D:5      | Noticed qw's ghost (novice GrFi)
  4171 | D:5      | Found an iron altar of Okawaru.
  4172 | D:5      | 4172 ||| PLANNING OKAWARU WORSHIP
  4172 | D:5      | 4172 ||| DROPPING amulet of faith.
  4177 | D:5      | Became a worshipper of Warmaster Okawaru
  4178 | D:5      | 4178 ||| PLANNING D:1-11
  4203 | D:5      | Found an opulent altar of Gozag.
  4211 | D:5      | Reached skill level 6 in Axes
  4211 | D:5      | Reached XP level 8. HP: 48/48 MP: 8/8
  4257 | D:5      | 4257 ||| Stepping ~*~*~tactically~*~*~ (stealth).
  4315 | D:5      | Found a runed translucent door.
  4318 | D:5      | 4318 ||| UPGRADING to +0 chain mail.
  4347 | D:5      | 4347 ||| DROPPING +0 scale mail.
  4357 | D:5      | Found a basalt altar of Yredelemnul.
  4692 | D:5      | 4692 ||| DRINKING 2 metallic coppery potions.
  4693 | D:5      | 4693 ||| DROPPING potion of flight.
  4754 | D:6      | 4754 ||| DROPPING +0 flail.
  4855 | D:6      | 4855 ||| Stepping ~*~*~tactically~*~*~ (stealth).
  4856 | D:6      | 4856 ||| Stepping ~*~*~tactically~*~*~ (stealth).
  4857 | D:6      | 4857 ||| Stepping ~*~*~tactically~*~*~ (stealth).
  4920 | D:6      | 4920 ||| FLEEEEING.
  4921 | D:6      | 4921 ||| FLEEEEING.
  4922 | D:6      | 4922 ||| FLEEEEING.
  4923 | D:6      | 4923 ||| FLEEEEING.
  4924 | D:6      | 4924 ||| FLEEEEING.
  4937 | D:6      | 4937 ||| FLEEEEING.
  4938 | D:6      | 4938 ||| FLEEEEING.
  4939 | D:6      | 4939 ||| STAIRDANCE
  5041 | D:5      | 5041 ||| DROPPING orb of guile.
  5042 | D:5      | 5042 ||| READING scroll labelled OWUZYGR SEDD.
  5042 | D:5      | Identified a scroll of acquirement
  5042 | D:5      | 5042 ||| ACQUIRING scarf of repulsion
  5042 | D:5      | Acquired a scarf of repulsion
  5044 | D:5      | 5044 ||| UPGRADING to scarf of repulsion.
  5156 | D:6      | Found a shadowy altar of Dithmenos.
  5333 | D:6      | 5333 ||| UPGRADING to +0 pair of boots.
  5338 | D:6      | 5338 ||| DRINKING 2 emerald potions.
  5339 | D:6      | 5339 ||| DRINKING 2 inky potions.
  5340 | D:6      | 5340 ||| READING 2 scrolls of identify.
  5340 | D:6      | 5340 ||| IDENTIFYING silvery potion
  5341 | D:6      | 5341 ||| DROPPING potion of berserk rage.
  5580 | D:7      | Reached * piety under Okawaru
  5803 | D:7      | Reached skill level 1 in Invocations
  5814 | D:7      | Reached XP level 9. HP: 52/54 MP: 9/9
  5836 | D:7      | 5836 ||| Stepping ~*~*~tactically~*~*~ (stealth).
  5838 | D:7      | 5838 ||| Stepping ~*~*~tactically~*~*~ (stealth).
  5887 | D:7      | 5887 ||| Stepping ~*~*~tactically~*~*~ (hiding).
  6095 | D:7      | 6095 ||| READING scroll labelled MOUMINT WEEBLO.
  6096 | D:7      | 6096 ||| DRINKING 2 smoky grey potions.
  6147 | D:8      | Reached skill level 6 in Fighting
  6174 | D:8      | Noticed Maggie
  6175 | D:8      | Found a white marble altar of Elyvilon.
  6179 | D:8      | 6179 ||| INVOKING Heroism.
  6182 | D:8      | 6182 ||| DRINKING 3 potions of curing.
  6182 | D:8      | 6182 ||| (to cure confusion)
  6186 | D:8      | Reached skill level 3 in Invocations
  6187 | D:8      | Killed Maggie
  6199 | D:8      | Reached ** piety under Okawaru
  6200 | D:8      | Reached skill level 9 in Axes
  6281 | D:8      | Found a sparkling altar of Nemelex Xobeh.
  6304 | D:8      | 6304 ||| Stepping ~*~*~tactically~*~*~ (stealth).
  6308 | D:8      | Noticed a polar bear
  6309 | D:8      | 6309 ||| Stepping ~*~*~tactically~*~*~ (stealth).
  6311 | D:8      | 6311 ||| INVOKING Heroism.
  6315 | D:8      | Reached skill level 4 in Shields
  6318 | D:8      | Killed a polar bear
  6324 | D:8      | Reached XP level 10. HP: 60/63 MP: 11/13
  6429 | D:8      | 6429 ||| INVOKING Heroism.
  6457 | D:8      | 6457 ||| Stepping ~*~*~tactically~*~*~ (stealth).
  6458 | D:8      | 6458 ||| Stepping ~*~*~tactically~*~*~ (stealth).
  6461 | D:8      | 6461 ||| INVOKING Heroism.
  6487 | D:8      | 6487 ||| INVOKING Heroism.
  6533 | D:8      | Found an ornate altar of the Wu Jian Council.
  6574 | D:8      | 6574 ||| Stepping ~*~*~tactically~*~*~ (stealth).
  6640 | D:8      | 6640 ||| INVOKING Heroism.
  6883 | D:8      | 6883 ||| UPGRADING to +1 plate armour of cold resistance.
  6893 | D:8      | 6893 ||| DROPPING +0 chain mail.
  6894 | D:8      | 6894 ||| READING scroll labelled PIBIYD ZITADGH.
  6895 | D:8      | 6895 ||| DRINKING 2 viscous coppery potions.
  6896 | D:8      | 6896 ||| DROPPING potion of degeneration.
  6968 | D:9      | 6968 ||| Stepping ~*~*~tactically~*~*~ (stealth).
  6969 | D:9      | 6969 ||| Stepping ~*~*~tactically~*~*~ (stealth).
  6970 | D:9      | 6970 ||| Stepping ~*~*~tactically~*~*~ (stealth).
  6973 | D:9      | 6973 ||| Stepping ~*~*~tactically~*~*~ (stealth).
  6980 | D:9      | 6980 ||| Stepping ~*~*~tactically~*~*~ (stealth).
  6981 | D:9      | 6981 ||| Stepping ~*~*~tactically~*~*~ (stealth).
  7046 | D:9      | 7046 ||| Stepping ~*~*~tactically~*~*~ (stealth).
  7047 | D:9      | 7047 ||| Stepping ~*~*~tactically~*~*~ (stealth).
  7049 | D:9      | 7049 ||| Stepping ~*~*~tactically~*~*~ (hiding).
  7051 | D:9      | Reached *** piety under Okawaru
  7055 | D:9      | Reached skill level 6 in Armour
  7056 | D:9      | 7056 ||| INVOKING Heroism.
  7108 | D:9      | Found a glowing golden altar of the Shining One.
  7110 | D:9      | 7110 ||| INVOKING Heroism.
  7168 | D:9      | 7168 ||| Stepping ~*~*~tactically~*~*~ (stealth).
  7170 | D:9      | 7170 ||| Stepping ~*~*~tactically~*~*~ (stealth).
  7172 | D:9      | 7172 ||| Stepping ~*~*~tactically~*~*~ (stealth).
  7173 | D:9      | 7173 ||| Stepping ~*~*~tactically~*~*~ (stealth).
  7177 | D:9      | 7177 ||| Stepping ~*~*~tactically~*~*~ (stealth).
  7218 | D:9      | 7218 ||| Stepping ~*~*~tactically~*~*~ (stealth).
  7407 | D:9      | 7407 ||| Stepping ~*~*~tactically~*~*~ (stealth).
  7410 | D:9      | 7410 ||| Stepping ~*~*~tactically~*~*~ (stealth).
  7411 | D:9      | 7411 ||| Stepping ~*~*~tactically~*~*~ (stealth).
  7412 | D:9      | 7412 ||| Stepping ~*~*~tactically~*~*~ (stealth).
  7413 | D:9      | 7413 ||| Stepping ~*~*~tactically~*~*~ (stealth).
  7414 | D:9      | 7414 ||| INVOKING Heroism.
  7431 | D:9      | Found a staircase to the Lair.
  7439 | D:9      | Reached skill level 5 in Shields
  7497 | D:9      | Reached **** piety under Okawaru
  7806 | D:9      | 7806 ||| PLANNING LAIR
  7806 | D:9      | 7806 ||| READING scroll labelled SEURYUBIETT.
  7819 | Lair:1   | Entered Level 1 of the Lair of Beasts
  7821 | Lair:1   | 7821 ||| INVOKING Heroism.
  7931 | Lair:1   | 7931 ||| INVOKING Heroism.
  8086 | Lair:1   | 8086 ||| Stepping ~*~*~tactically~*~*~ (stealth).
  8088 | Lair:1   | 8088 ||| INVOKING Heroism.
  8089 | Lair:1   | 8089 ||| Stepping ~*~*~tactically~*~*~ (stealth).
  8091 | Lair:1   | Reached XP level 11. HP: 68/68 MP: 11/14
  8143 | Lair:1   | 8143 ||| INVOKING Heroism.
  8164 | Lair:1   | 8164 ||| INVOKING Heroism.
  8310 | Lair:1   | 8310 ||| INVOKING Heroism.
  8316 | Lair:1   | Reached skill level 6 in Invocations
  8764 | Lair:1   | 8764 ||| DROPPING scarf of invisibility.
  8765 | Lair:1   | 8765 ||| READING 2 scrolls of identify.
  8765 | Lair:1   | 8765 ||| IDENTIFYING sedimented purple potion
  8794 | Lair:2   | 8794 ||| INVOKING Heroism.
  8794 | Lair:2   | Noticed Prince Ribbit
  8799 | Lair:2   | Reached ***** piety under Okawaru
  8802 | Lair:2   | Killed Prince Ribbit
  8810 | Lair:2   | Reached skill level 9 in Fighting
  8889 | Lair:2   | Noticed a six-headed hydra
  8890 | Lair:2   | 8890 ||| INVOKING Heroism.
  8891 | Lair:2   | 8891 ||| INVOKING Finesse.
  8896 | Lair:2   | 8896 ||| SWAPPING to +2 war axe of flaming.
  8900 | Lair:2   | Killed a four-headed hydra
  8901 | Lair:2   | 8901 ||| SWAPPING to +0 spectral war axe.
  9010 | Lair:2   | Found a staircase to the Shoals.
  9014 | Lair:2   | 9014 ||| READING scroll of enchant armour.
  9014 | Lair:2   | 9014 ||| ENCHANTING +0 helmet.
  9125 | Lair:2   | 9125 ||| INVOKING Heroism.
  9130 | Lair:2   | Received a gift from Okawaru
  9206 | Lair:2   | 9206 ||| INVOKING Heroism.
  9235 | Lair:2   | Noticed Urug
  9236 | Lair:2   | 9236 ||| Stepping ~*~*~tactically~*~*~ (stealth).
  9237 | Lair:2   | 9237 ||| Stepping ~*~*~tactically~*~*~ (stealth).
  9238 | Lair:2   | 9238 ||| Stepping ~*~*~tactically~*~*~ (stealth).
  9239 | Lair:2   | 9239 ||| INVOKING Heroism.
  9240 | Lair:2   | 9240 ||| INVOKING Finesse.
  9250 | Lair:2   | Killed Urug
  9389 | Lair:2   | Noticed a wolf spider
  9390 | Lair:2   | 9390 ||| INVOKING Heroism.
  9395 | Lair:2   | Killed a wolf spider
  9401 | Lair:2   | Reached skill level 9 in Invocations
  9401 | Lair:2   | Reached XP level 12. HP: 66/76 MP: 16/18
  9593 | Lair:2   | 9593 ||| Stepping ~*~*~tactically~*~*~ (stealth).
  9594 | Lair:2   | 9594 ||| Stepping ~*~*~tactically~*~*~ (stealth).
  9703 | Lair:2   | 9703 ||| UPGRADING to +2 buckler.
  9713 | Lair:2   | 9713 ||| DROPPING +0 buckler.
  9714 | Lair:2   | 9714 ||| UPGRADING to +0 pair of gloves.
  9719 | Lair:2   | 9719 ||| DROPPING ring of magical power.
  9720 | Lair:2   | 9720 ||| READING scroll labelled CIHA YLOOGUAH.
  9721 | Lair:2   | 9721 ||| READING scroll labelled REISEIPHO AKY.
  9792 | Lair:2   | 9792 ||| READING scroll labelled ZEJUPPY FEDIHE.
  9793 | Lair:2   | 9793 ||| DRINKING 2 blue potions.
  9794 | Lair:2   | 9794 ||| DRINKING 2 fizzy clear potions.
  9794 | Lair:2   | Gained mutation: You passively dampen the noise of your
                  | surroundings. [potion of mutation]
  9794 | Lair:2   | Gained mutation: Your flesh is cold resistant. (rC+)
                  | [potion of mutation]
  9794 | Lair:2   | Gained mutation: You are agile. (Dex +4, Str/Int -1)
                  | [potion of mutation]
  9794 | Lair:2   | Gained mutation: You passively map a small area around you.
                  | [potion of mutation]
  9795 | Lair:2   | 9795 ||| READING 2 scrolls of identify.
  9795 | Lair:2   | 9795 ||| IDENTIFYING amethyst potion
  9796 | Lair:2   | 9796 ||| DROPPING potion of invisibility.
  9840 | Lair:3   | 9840 ||| READING scroll of enchant weapon.
  9840 | Lair:3   | 9840 ||| ENCHANTING +0 spectral war axe.
  9929 | Lair:3   | Received a gift from Okawaru
  9931 | Lair:3   | 9931 ||| SWAPPING to +2 vorpal broad axe.
  9932 | Lair:3   | 9932 ||| DROPPING +1 spectral war axe.
  9933 | Lair:3   | 9933 ||| READING scroll of brand weapon.
  9933 | Lair:3   | 9933 ||| BRANDING +2 vorpal broad axe.
 10070 | Lair:3   | Noticed Sonja
 10071 | Lair:3   | 10071 ||| INVOKING Finesse.
 10110 | Lair:3   | Killed Sonja
 10141 | Lair:3   | Noticed a death yak
 10142 | Lair:3   | 10142 ||| Stepping ~*~*~tactically~*~*~ (stealth).
 10190 | Lair:3   | Noticed a death yak
 10191 | Lair:3   | 10191 ||| Stepping ~*~*~tactically~*~*~ (stealth).
 10192 | Lair:3   | 10192 ||| INVOKING Heroism.
 10193 | Lair:3   | 10193 ||| INVOKING Finesse.
 10202 | Lair:3   | Killed a death yak
 10203 | Lair:3   | Reached skill level 12 in Axes
 10204 | Lair:3   | Noticed a death yak
 10205 | Lair:3   | Noticed a death yak
 10206 | Lair:3   | 10206 ||| Stepping ~*~*~tactically~*~*~ (stealth).
 10215 | Lair:3   | Noticed a death yak
 10216 | Lair:3   | Killed a death yak
 10217 | Lair:3   | Noticed a death yak
 10221 | Lair:3   | Killed a death yak
 10222 | Lair:3   | Reached skill level 6 in Shields
 10222 | Lair:3   | 10222 ||| FLEEEEING.
 10228 | Lair:3   | Killed a death yak
 10232 | Lair:3   | Killed a death yak
 10235 | Lair:3   | Killed a death yak
 10236 | Lair:3   | Reached skill level 9 in Armour
 10426 | Lair:3   | 10426 ||| Stepping ~*~*~tactically~*~*~ (stealth).
 10427 | Lair:3   | 10427 ||| Stepping ~*~*~tactically~*~*~ (stealth).
 10428 | Lair:3   | 10428 ||| INVOKING Heroism.
 10436 | Lair:3   | Reached skill level 3 in Dodging
 10442 | Lair:3   | Identified the -1 pair of gloves of Action {MP+9 Str+4}
                  | (Okawaru gifted it to you on level 3 of the Lair of Beasts)
 10442 | Lair:3   | Received a gift from Okawaru
 10476 | Lair:3   | 10476 ||| READING scroll of enchant weapon.
 10476 | Lair:3   | 10476 ||| ENCHANTING +2 broad axe of freezing.
 10507 | Lair:3   | 10507 ||| INVOKING Heroism.
 10591 | Lair:3   | Identified the +0 long sword of Adah {freeze, Int+2 Stlth+}
 10623 | Lair:3   | Found a hole to the Spider Nest.
 10802 | Lair:3   | 10802 ||| READING scroll of enchant armour.
 10802 | Lair:3   | 10802 ||| ENCHANTING +0 pair of gloves.
 11061 | Lair:3   | 11061 ||| UPGRADING to -1 pair of gloves of Action {MP+9
                  | Str+4}.
 11071 | Lair:3   | 11071 ||| DROPPING +1 pair of gloves.
 11114 | Lair:3   | 11114 ||| DROPPING amulet of magic regeneration.
 11115 | Lair:3   | 11115 ||| READING scroll labelled LEPEPA JAMMOVU.
 11216 | Lair:3   | 11216 ||| DROPPING scroll of noise.
 11247 | Lair:4   | Noticed a death yak
 11248 | Lair:4   | 11248 ||| INVOKING Heroism.
 11248 | Lair:4   | Noticed a death yak
 11248 | Lair:4   | Noticed a death yak
 11249 | Lair:4   | 11249 ||| INVOKING Finesse.
 11253 | Lair:4   | Killed a death yak
 11255 | Lair:4   | Killed a death yak
 11256 | Lair:4   | Reached XP level 13. HP: 82/82 MP: 20/20
 11314 | Lair:4   | 11314 ||| READING scroll of enchant armour.
 11314 | Lair:4   | 11314 ||| ENCHANTING +1 helmet.
 11363 | Lair:4   | 11363 ||| INVOKING Heroism.
 11524 | Lair:4   | 11524 ||| INVOKING Heroism.
 11613 | Lair:4   | 11613 ||| INVOKING Heroism.
 11700 | Lair:4   | 11700 ||| Stepping ~*~*~tactically~*~*~ (stealth).
 11708 | Lair:4   | 11708 ||| Stepping ~*~*~tactically~*~*~ (stealth).
 11709 | Lair:4   | 11709 ||| INVOKING Heroism.
 11717 | Lair:4   | 11717 ||| Stepping ~*~*~tactically~*~*~ (stealth).
 11731 | Lair:4   | 11731 ||| Stepping ~*~*~tactically~*~*~ (stealth).
 11751 | Lair:4   | 11751 ||| Stepping ~*~*~tactically~*~*~ (stealth).
 11758 | Lair:4   | 11758 ||| Stepping ~*~*~tactically~*~*~ (stealth).
 11759 | Lair:4   | 11759 ||| Stepping ~*~*~tactically~*~*~ (stealth).
 11817 | Lair:4   | 11817 ||| INVOKING Heroism.
 12167 | Lair:4   | 12167 ||| READING scroll of enchant weapon.
 12167 | Lair:4   | 12167 ||| ENCHANTING +3 broad axe of freezing.
 12297 | Lair:4   | 12297 ||| READING 4 scrolls of identify.
 12297 | Lair:4   | 12297 ||| IDENTIFYING red potion
 12298 | Lair:4   | 12298 ||| DROPPING potion of ambrosia.
 12315 | Lair:5   | Entered Level 5 of the Lair of Beasts
 12316 | Lair:5   | 12316 ||| STAIRDANCE
 12318 | Lair:4   | 12318 ||| INVOKING Heroism.
 12330 | Lair:5   | 12330 ||| STAIRDANCE
 12356 | Lair:5   | 12356 ||| Stepping ~*~*~tactically~*~*~ (stealth).
 12358 | Lair:5   | 12358 ||| Stepping ~*~*~tactically~*~*~ (stealth).
 12359 | Lair:5   | 12359 ||| INVOKING Heroism.
 12360 | Lair:5   | 12360 ||| INVOKING Finesse.
 12367 | Lair:5   | 12367 ||| Stepping ~*~*~tactically~*~*~ (stealth).
 12368 | Lair:5   | 12368 ||| SWAPPING to +2 war axe of flaming.
 12369 | Lair:5   | 12369 ||| Stepping ~*~*~tactically~*~*~ (stealth).
 12370 | Lair:5   | 12370 ||| SWAPPING to +4 broad axe of freezing.
 12372 | Lair:5   | 12372 ||| SWAPPING to +2 war axe of flaming.
 12376 | Lair:5   | 12376 ||| SWAPPING to +4 broad axe of freezing.
 12388 | Lair:5   | Reached ****** piety under Okawaru
 12390 | Lair:5   | Received a gift from Okawaru
 12407 | Lair:5   | 12407 ||| INVOKING Heroism.
 12417 | Lair:5   | 12417 ||| FLEEEEING.
 12446 | Lair:5   | 12446 ||| Stepping ~*~*~tactically~*~*~ (stealth).
 12447 | Lair:5   | 12447 ||| FLEEEEING.
 12448 | Lair:5   | 12448 ||| STAIRDANCE
 12450 | Lair:4   | 12450 ||| INVOKING Heroism.
 12643 | Lair:5   | 12643 ||| INVOKING Heroism.
 12646 | Lair:5   | 12646 ||| STAIRDANCE
 12658 | Lair:5   | 12658 ||| STAIRDANCE
 12675 | Lair:5   | 12675 ||| STAIRDANCE
 12677 | Lair:4   | 12677 ||| SWAPPING to +2 war axe of flaming.
 12682 | Lair:4   | Received a gift from Okawaru
 12683 | Lair:4   | Reached skill level 7 in Shields
 12683 | Lair:4   | 12683 ||| SWAPPING to +4 broad axe of freezing.
 12832 | Lair:5   | 12832 ||| INVOKING Heroism.
 12854 | Lair:5   | 12854 ||| Stepping ~*~*~tactically~*~*~ (stealth).
 12855 | Lair:5   | 12855 ||| Stepping ~*~*~tactically~*~*~ (stealth).
 12856 | Lair:5   | 12856 ||| Stepping ~*~*~tactically~*~*~ (stealth).
 12857 | Lair:5   | 12857 ||| Stepping ~*~*~tactically~*~*~ (stealth).
 12866 | Lair:5   | Identified the +0 ring mail "Caemecann" {Drain Regen+ Int-2
                  | Stlth+} (Okawaru gifted it to you on level 5 of the Lair of
                  | Beasts)
 12866 | Lair:5   | Received a gift from Okawaru
 12871 | Lair:5   | 12871 ||| Stepping ~*~*~tactically~*~*~ (hiding).
 12874 | Lair:5   | 12874 ||| INVOKING Heroism.
 12954 | Lair:5   | 12954 ||| INVOKING Heroism.
 12955 | Lair:5   | 12955 ||| INVOKING Finesse.
 13004 | Lair:5   | 13004 ||| Stepping ~*~*~tactically~*~*~ (stealth).
 13005 | Lair:5   | 13005 ||| INVOKING Heroism.
 13014 | Lair:5   | Gained mutation: Your large and strong wings let you fly.
                  | [Gargoyle growth]
 13014 | Lair:5   | Reached XP level 14. HP: 82/90 MP: 21/21
 13169 | Lair:5   | 13169 ||| Stepping ~*~*~tactically~*~*~ (stealth).
 13372 | Lair:5   | Reached skill level 15 in Axes
 13471 | Lair:5   | 13471 ||| Stepping ~*~*~tactically~*~*~ (stealth).
 13473 | Lair:5   | 13473 ||| Stepping ~*~*~tactically~*~*~ (stealth).
 13499 | Lair:5   | 13499 ||| Stepping ~*~*~tactically~*~*~ (stealth).
 13598 | Lair:5   | 13598 ||| INVOKING Heroism.
 13654 | Lair:5   | 13654 ||| Stepping ~*~*~tactically~*~*~ (stealth).
 13658 | Lair:5   | 13658 ||| Stepping ~*~*~tactically~*~*~ (hiding).
 13659 | Lair:5   | 13659 ||| Stepping ~*~*~tactically~*~*~ (hiding).
 13667 | Lair:5   | 13667 ||| INVOKING Heroism.
 13838 | Lair:5   | 13838 ||| Stepping ~*~*~tactically~*~*~ (hiding).
 13843 | Lair:5   | 13843 ||| INVOKING Heroism.
 13890 | Lair:5   | 13890 ||| Stepping ~*~*~tactically~*~*~ (stealth).
 13897 | Lair:5   | 13897 ||| Stepping ~*~*~tactically~*~*~ (stealth).
 14003 | Lair:5   | Found a runed translucent door.
 14003 | Lair:5   | Found a viscous altar of Jiyva.
 14003 | Lair:5   | Noticed an azure jelly
 14003 | Lair:5   | Noticed an azure jelly
 14004 | Lair:5   | Found a staircase to the Slime Pits.
 14065 | Lair:5   | 14065 ||| FLEEEEING.
 14067 | Lair:5   | 14067 ||| Stepping ~*~*~tactically~*~*~ (hiding).
 14400 | Lair:5   | 14400 ||| Stepping ~*~*~tactically~*~*~ (stealth).
 14433 | Lair:5   | 14433 ||| Stepping ~*~*~tactically~*~*~ (stealth).
 14435 | Lair:5   | 14435 ||| Stepping ~*~*~tactically~*~*~ (stealth).
 14565 | Lair:5   | Found a corrupted altar of Lugonu.
 14565 | Lair:5   | Found a one-way gate to the infinite horrors of the Abyss.
 14579 | Lair:5   | 14579 ||| PLANNING D:1-11
 14579 | Lair:5   | 14579 ||| UPGRADING to +2 pair of boots.
 14589 | Lair:5   | 14589 ||| DROPPING +0 pair of boots.
 14590 | Lair:5   | 14590 ||| UPGRADING to ring of see invisible.
 14592 | Lair:5   | 14592 ||| UPGRADING to +6 ring of strength.
 14762 | D:10     | Entered Level 10 of the Dungeon
 14820 | D:10     | Reached skill level 12 in Fighting
 14951 | D:10     | 14951 ||| Stepping ~*~*~tactically~*~*~ (hiding).
 14953 | D:10     | 14953 ||| Stepping ~*~*~tactically~*~*~ (hiding).
 14974 | D:10     | Noticed Grum
 14975 | D:10     | 14975 ||| INVOKING Heroism.
 14976 | D:10     | 14976 ||| INVOKING Finesse.
 14983 | D:10     | Identified the +0 hat "Kicla" {Int+4 Dex+3} (Okawaru gifted
                  | it to you on level 10 of the Dungeon)
 14983 | D:10     | Received a gift from Okawaru
 14986 | D:10     | Killed Grum
 15255 | D:10     | 15255 ||| DROPPING +0 hat "Kicla" {Int+4 Dex+3}.
 15339 | D:10     | 15339 ||| INVOKING Heroism.
 15342 | D:10     | 15342 ||| STAIRDANCE
 15351 | D:10     | 15351 ||| STAIRDANCE
 15406 | D:10     | 15406 ||| STAIRDANCE
 15466 | D:10     | 15466 ||| DRINKING 2 coppery potions.
 15472 | D:11     | 15472 ||| INVOKING Heroism.
 15473 | D:11     | 15473 ||| INVOKING Finesse.
 15536 | D:11     | Noticed Erica
 15537 | D:11     | 15537 ||| Stepping ~*~*~tactically~*~*~ (hiding).
 15541 | D:11     | 15541 ||| DRINKING 13 potions of curing.
 15541 | D:11     | 15541 ||| (to cure confusion)
 15542 | D:11     | 15542 ||| INVOKING Heroism.
 15543 | D:11     | 15543 ||| INVOKING Finesse.
 15556 | D:11     | Killed Erica
 15723 | D:11     | 15723 ||| INVOKING Heroism.
 15724 | D:11     | 15724 ||| INVOKING Finesse.
 15791 | D:11     | 15791 ||| INVOKING Heroism.
 15792 | D:11     | 15792 ||| INVOKING Finesse.
 15869 | D:11     | 15869 ||| Stepping ~*~*~tactically~*~*~ (stealth).
 15870 | D:11     | 15870 ||| Stepping ~*~*~tactically~*~*~ (stealth).
 15871 | D:11     | 15871 ||| Stepping ~*~*~tactically~*~*~ (stealth).
 16066 | D:11     | Found Lere Ytov's Weapon Shop.
 16196 | D:11     | Found Cieketwea's Jewellery Emporium.
 16202 | D:11     | 16202 ||| BUYING +6 ring of dexterity (396 gold).
 16202 | D:11     | Bought a +6 ring of dexterity for 396 gold pieces
 16202 | D:11     | 16202 ||| BUYING ring "Xekkipisk" {AC+4 Dex+3} (542 gold).
 16202 | D:11     | Bought the ring "Xekkipisk" {AC+4 Dex+3} for 542 gold
                  | pieces
 16284 | D:11     | Found Hajac's General Store.
 16287 | D:11     | 16287 ||| SHOPLISTING +4 ring of evasion (468 gold, have
                  | 291).
 16287 | D:11     | 16287 ||| BUYING potion of curing (39 gold).
 16287 | D:11     | Bought a potion of curing for 39 gold pieces
 16450 | D:11     | 16450 ||| PLANNING D
 16450 | D:11     | 16450 ||| DROPPING +6 ring of dexterity.
 16451 | D:11     | 16451 ||| UPGRADING to ring "Xekkipisk" {AC+4 Dex+3}.
 16453 | D:11     | 16453 ||| UPGRADING to ring of see invisible.
 16487 | D:12     | 16487 ||| STAIRDANCE
 16489 | D:11     | 16489 ||| INVOKING Heroism.
 16519 | D:12     | 16519 ||| STAIRDANCE
 16621 | D:12     | 16621 ||| INVOKING Heroism.
 16678 | D:12     | Noticed Snorg
 16679 | D:12     | 16679 ||| INVOKING Heroism.
 16680 | D:12     | 16680 ||| INVOKING Finesse.
 16687 | D:12     | Killed Snorg
 16688 | D:12     | 16688 ||| DRINKING 13 potions of curing.
 16688 | D:12     | 16688 ||| (to cure confusion)
 16754 | D:12     | Found a runed translucent gate.
 16754 | D:12     | Found a runed translucent gate.
 16759 | D:12     | Noticed BraveToast's ghost (journeyman FoFi)
 16824 | D:12     | Found a runed translucent gate.
 16832 | D:12     | 16832 ||| Stepping ~*~*~tactically~*~*~ (hiding).
 16840 | D:12     | 16840 ||| INVOKING Heroism.
 16907 | D:12     | 16907 ||| INVOKING Heroism.
 16975 | D:12     | 16975 ||| INVOKING Heroism.
 17009 | D:12     | 17009 ||| INVOKING Heroism.
 17020 | D:12     | HP: 11/92 [skeletal warrior/+0 halberd (15)]
 17021 | D:12     | 17021 ||| READING 5 scrolls of teleportation.
 17022 | D:12     | 17022 ||| DRINKING 4 potions of heal wounds.
 17026 | D:12     | Reached XP level 15. HP: 30/96 MP: 22/22
 17030 | D:12     | HP: 20/96 [slime creature (11)]
 17031 | D:12     | 17031 ||| READING 4 scrolls of teleportation.
 17032 | D:12     | 17032 ||| DRINKING 3 potions of heal wounds.
 17035 | D:12     | Reached skill level 8 in Shields
 17035 | D:12     | 17035 ||| DRINKING 2 potions of heal wounds.
 17035 | D:12     | Found Colos's Book Shoppe.
 17268 | D:12     | 17268 ||| Stepping ~*~*~tactically~*~*~ (stealth).
 17269 | D:12     | 17269 ||| INVOKING Heroism.
 17276 | D:12     | 17276 ||| Stepping ~*~*~tactically~*~*~ (hiding).
 17304 | D:12     | Received a gift from Okawaru
 17307 | D:12     | 17307 ||| FLEEEEING.
 17308 | D:12     | 17308 ||| FLEEEEING.
 17309 | D:12     | 17309 ||| FLEEEEING.
 17310 | D:12     | 17310 ||| FLEEEEING.
 17311 | D:12     | 17311 ||| FLEEEEING.
 17312 | D:12     | 17312 ||| FLEEEEING.
 17313 | D:12     | 17313 ||| FLEEEEING.
 17314 | D:12     | 17314 ||| FLEEEEING.
 17315 | D:12     | 17315 ||| FLEEEEING.
 17316 | D:12     | 17316 ||| FLEEEEING.
 17317 | D:12     | 17317 ||| FLEEEEING.
 17318 | D:12     | 17318 ||| FLEEEEING.
 17319 | D:12     | 17319 ||| FLEEEEING.
 17320 | D:12     | 17320 ||| FLEEEEING.
 17328 | D:12     | 17328 ||| STAIRDANCE
 17658 | D:12     | 17658 ||| Stepping ~*~*~tactically~*~*~ (stealth).
 17659 | D:12     | 17659 ||| INVOKING Heroism.
 17660 | D:12     | 17660 ||| Stepping ~*~*~tactically~*~*~ (hiding).
 17661 | D:12     | 17661 ||| Stepping ~*~*~tactically~*~*~ (hiding).
 17690 | D:12     | Reached skill level 12 in Armour
 17692 | D:12     | Received a gift from Okawaru
 17704 | D:12     | 17704 ||| Stepping ~*~*~tactically~*~*~ (cloud).
 17706 | D:12     | 17706 ||| Stepping ~*~*~tactically~*~*~ (cloud).
 17773 | D:12     | 17773 ||| INVOKING Heroism.
 17958 | D:12     | 17958 ||| READING 3 scrolls of teleportation.
 17969 | D:12     | 17969 ||| INVOKING Heroism.
 17979 | D:12     | Found a staircase to the Orcish Mines.
 18161 | D:12     | 18161 ||| UPGRADING to +0 kite shield.
 18171 | D:12     | 18171 ||| DROPPING +2 buckler.
 18194 | D:13     | Noticed Rupert
 18194 | D:13     | Found a gate to the Vaults.
 18195 | D:13     | 18195 ||| INVOKING Heroism.
 18196 | D:13     | 18196 ||| STAIRDANCE
 18276 | D:13     | 18276 ||| INVOKING Heroism.
 18277 | D:13     | 18277 ||| INVOKING Finesse.
 18278 | D:13     | 18278 ||| SWAPPING to +2 war axe of flaming.
 18285 | D:13     | 18285 ||| SWAPPING to +4 broad axe of freezing.
 18322 | D:13     | 18322 ||| INVOKING Heroism.
 18337 | D:13     | 18337 ||| Stepping ~*~*~tactically~*~*~ (stealth).
 18339 | D:13     | 18339 ||| Stepping ~*~*~tactically~*~*~ (stealth).
 18340 | D:13     | 18340 ||| Stepping ~*~*~tactically~*~*~ (stealth).
 18344 | D:13     | 18344 ||| Stepping ~*~*~tactically~*~*~ (stealth).
 18346 | D:13     | 18346 ||| Stepping ~*~*~tactically~*~*~ (stealth).
 18347 | D:13     | 18347 ||| Stepping ~*~*~tactically~*~*~ (stealth).
 18349 | D:13     | 18349 ||| Stepping ~*~*~tactically~*~*~ (hiding).
 18352 | D:13     | 18352 ||| INVOKING Heroism.
 18353 | D:13     | 18353 ||| INVOKING Finesse.
 18354 | D:13     | 18354 ||| SWAPPING to +2 war axe of flaming.
 18374 | D:13     | 18374 ||| SWAPPING to +4 broad axe of freezing.
 18398 | D:13     | Killed Rupert
 18398 | D:13     | Received a gift from Okawaru
 18399 | D:13     | Reached skill level 9 in Shields
 18435 | D:13     | 18435 ||| Stepping ~*~*~tactically~*~*~ (stealth).
 18436 | D:13     | 18436 ||| Stepping ~*~*~tactically~*~*~ (stealth).
 18438 | D:13     | 18438 ||| Stepping ~*~*~tactically~*~*~ (stealth).
 18439 | D:13     | 18439 ||| Stepping ~*~*~tactically~*~*~ (stealth).
 18446 | D:13     | 18446 ||| FLEEEEING.
 18447 | D:13     | 18447 ||| FLEEEEING.
 18448 | D:13     | 18448 ||| FLEEEEING.
 18547 | D:13     | 18547 ||| Stepping ~*~*~tactically~*~*~ (stealth).
 18552 | D:13     | 18552 ||| Stepping ~*~*~tactically~*~*~ (stealth).
 18581 | D:13     | 18581 ||| Stepping ~*~*~tactically~*~*~ (stealth).
 18582 | D:13     | 18582 ||| Stepping ~*~*~tactically~*~*~ (stealth).
 18583 | D:13     | 18583 ||| INVOKING Heroism.
 18591 | D:13     | Reached skill level 10 in Shields
 18591 | D:13     | 18591 ||| Stepping ~*~*~tactically~*~*~ (stealth).
 18592 | D:13     | 18592 ||| Stepping ~*~*~tactically~*~*~ (stealth).
 18766 | D:13     | 18766 ||| INVOKING Heroism.
 18807 | D:13     | 18807 ||| INVOKING Heroism.
 18872 | D:13     | 18872 ||| INVOKING Heroism.
 19093 | D:13     | Noticed Kirke
 19094 | D:13     | 19094 ||| INVOKING Heroism.
 19095 | D:13     | 19095 ||| INVOKING Finesse.
 19105 | D:13     | Killed Kirke
 19106 | D:13     | Reached skill level 11 in Shields
 19425 | D:14     | Found a gate leading to a gauntlet.
 19426 | D:14     | 19426 ||| PLANNING GAUNTLET
 19433 | Gauntlet | Entered a Gauntlet
 19433 | Gauntlet | Found a transporter.
 19433 | Gauntlet | Found a transporter.
 19436 | Gauntlet | Found a transporter.
 19437 | Gauntlet | Found a transporter.
 19438 | Gauntlet | Found a transporter.
 19447 | Gauntlet | Found a transporter.
 19458 | Gauntlet | Found a transporter.
 19465 | Gauntlet | Found a transporter.
 19472 | Gauntlet | Found a transporter.
 19491 | Gauntlet | Found a transporter.
 19499 | Gauntlet | Found a transporter.
 19516 | Gauntlet | Found a transporter.
 19674 | Gauntlet | 19674 ||| DROPPING +2 hat.
 19682 | Gauntlet | 19682 ||| INVOKING Heroism.
 19689 | Gauntlet | Identified the +3 ring mail of the Centipede {rElec rF-
                  | rCorr Int+4} (Okawaru gifted it to you in a Gauntlet)
 19689 | Gauntlet | Received a gift from Okawaru
 19715 | Gauntlet | 19715 ||| SWAPPING to +0 vampiric war axe.
 19725 | Gauntlet | 19725 ||| DRINKING 13 potions of curing.
 19725 | Gauntlet | 19725 ||| (to cure confusion)
 19727 | Gauntlet | 19727 ||| DRINKING 12 potions of curing.
 19727 | Gauntlet | 19727 ||| (to cure confusion)
 19727 | Gauntlet | Paralysed by a floating eye for 2 turns
 19734 | Gauntlet | Paralysed by a floating eye for 2 turns
 19739 | Gauntlet | 19739 ||| Stepping randomly (stuck).
 19740 | Gauntlet | 19740 ||| Stepping randomly (stuck).
 19742 | Gauntlet | 19742 ||| Stepping randomly (stuck).
 19743 | Gauntlet | 19743 ||| Stepping randomly (stuck).
 19745 | Gauntlet | 19745 ||| Stepping randomly (stuck).
 19747 | Gauntlet | 19747 ||| Stepping randomly (stuck).
 19748 | Gauntlet | 19748 ||| Stepping randomly (stuck).
 19749 | Gauntlet | 19749 ||| Stepping randomly (stuck).
 19771 | Gauntlet | Identified the amulet "Ydidado" {rPois rN+ Regen+}
 19772 | Gauntlet | 19772 ||| INVOKING Heroism.
 19991 | Gauntlet | 19991 ||| UPGRADING to amulet "Ydidado" {rPois rN+ Regen+}.
 20001 | Gauntlet | 20001 ||| DROPPING ring of willpower.
 20032 | D:14     | 20032 ||| PLANNING D
 20088 | D:14     | Reached skill level 12 in Shields
 20097 | D:14     | 20097 ||| INVOKING Heroism.
 20153 | D:14     | Found Gouluemu's Assorted Antiques.
 20163 | D:14     | 20163 ||| BUYING glowing helmet (225 gold).
 20163 | D:14     | Bought a glowing helmet for 225 gold pieces
 20163 | D:14     | 20163 ||| BUYING potion of attraction (90 gold).
 20163 | D:14     | Bought a potion of attraction for 90 gold pieces
 20546 | D:14     | Noticed Nessos
 20547 | D:14     | 20547 ||| Stepping ~*~*~tactically~*~*~ (hiding).
 20548 | D:14     | 20548 ||| INVOKING Finesse.
 20554 | D:14     | 20554 ||| Stepping ~*~*~tactically~*~*~ (hiding).
 20556 | D:14     | 20556 ||| Stepping ~*~*~tactically~*~*~ (hiding).
 20557 | D:14     | 20557 ||| Stepping ~*~*~tactically~*~*~ (hiding).
 20558 | D:14     | 20558 ||| Stepping ~*~*~tactically~*~*~ (hiding).
 20559 | D:14     | 20559 ||| Stepping ~*~*~tactically~*~*~ (hiding).
 20570 | D:14     | Killed Nessos
 20623 | D:14     | 20623 ||| INVOKING Heroism.
 20624 | D:14     | 20624 ||| INVOKING Finesse.
 20856 | D:14     | 20856 ||| DROPPING +0 helmet of intelligence.
 20857 | D:14     | 20857 ||| DROPPING ring of ice.
 20872 | D:15     | Entered Level 15 of the Dungeon
 20873 | D:15     | Found a staircase to the Depths.
 20873 | D:15     | Noticed a fire giant
 20874 | D:15     | 20874 ||| INVOKING Heroism.
 20875 | D:15     | 20875 ||| INVOKING Finesse.
 20885 | D:15     | Killed a fire giant
 20899 | D:15     | Reached skill level 6 in Throwing
 20988 | D:15     | Reached XP level 16. HP: 96/101 MP: 23/23
 21052 | D:15     | 21052 ||| INVOKING Heroism.
 21054 | D:15     | 21054 ||| Stepping ~*~*~tactically~*~*~ (stealth).
 21056 | D:15     | 21056 ||| Stepping ~*~*~tactically~*~*~ (stealth).
 21075 | D:15     | 21075 ||| Stepping ~*~*~tactically~*~*~ (stealth).
 21076 | D:15     | 21076 ||| Stepping ~*~*~tactically~*~*~ (stealth).
 21093 | D:15     | 21093 ||| INVOKING Heroism.
 21112 | D:15     | 21112 ||| Stepping ~*~*~tactically~*~*~ (stealth).
 21239 | D:15     | Reached skill level 13 in Shields
 21338 | D:15     | 21338 ||| INVOKING Heroism.
 21339 | D:15     | 21339 ||| INVOKING Finesse.
 21340 | D:15     | 21340 ||| SWAPPING to +2 war axe of flaming.
 21348 | D:15     | 21348 ||| SWAPPING to +0 vampiric war axe.
 21396 | D:15     | 21396 ||| Stepping ~*~*~tactically~*~*~ (stealth).
 21397 | D:15     | 21397 ||| Stepping ~*~*~tactically~*~*~ (stealth).
 21399 | D:15     | 21399 ||| INVOKING Heroism.
 21747 | D:15     | 21747 ||| INVOKING Heroism.
 21823 | D:15     | 21823 ||| PLANNING ORC
 21904 | Orc:1    | Entered Level 1 of the Orcish Mines
 21905 | Orc:1    | 21905 ||| INVOKING Heroism.
 21905 | Orc:1    | Paralysed by an orc sorcerer for 3 turns
 21914 | Orc:1    | Paralysed by an orc sorcerer for 4 turns
 21919 | Orc:1    | 21919 ||| INVOKING Finesse.
 22010 | Orc:1    | 22010 ||| INVOKING Heroism.
 22013 | Orc:1    | 22013 ||| INVOKING Finesse.
 22031 | Orc:1    | Received a gift from Okawaru
 22070 | Orc:1    | 22070 ||| INVOKING Heroism.
 22074 | Orc:1    | Paralysed by an orc sorcerer for 3 turns
 22198 | Orc:1    | 22198 ||| Stepping ~*~*~tactically~*~*~ (hiding).
 22199 | Orc:1    | 22199 ||| Stepping ~*~*~tactically~*~*~ (hiding).
 22204 | Orc:1    | 22204 ||| INVOKING Heroism.
 22206 | Orc:1    | 22206 ||| DRINKING 11 potions of curing.
 22206 | Orc:1    | 22206 ||| (to cure confusion)
 22312 | Orc:1    | 22312 ||| Stepping ~*~*~tactically~*~*~ (hiding).
 22317 | Orc:1    | 22317 ||| Stepping ~*~*~tactically~*~*~ (hiding).
 22325 | Orc:1    | 22325 ||| INVOKING Heroism.
 22489 | Orc:2    | Entered Level 2 of the Orcish Mines
 22490 | Orc:2    | 22490 ||| INVOKING Heroism.
 22491 | Orc:2    | 22491 ||| STAIRDANCE
 22504 | Orc:2    | 22504 ||| STAIRDANCE
 22513 | Orc:2    | 22513 ||| STAIRDANCE
 22576 | Orc:2    | 22576 ||| Stepping ~*~*~tactically~*~*~ (stealth).
 22579 | Orc:2    | 22579 ||| Stepping ~*~*~tactically~*~*~ (stealth).
 22581 | Orc:2    | 22581 ||| Stepping ~*~*~tactically~*~*~ (stealth).
 22683 | Orc:2    | 22683 ||| Stepping ~*~*~tactically~*~*~ (stealth).
 22748 | Orc:2    | 22748 ||| READING 3 scrolls of enchant weapon.
 22748 | Orc:2    | 22748 ||| ENCHANTING +0 vampiric war axe.
 22749 | Orc:2    | 22749 ||| READING 2 scrolls of enchant weapon.
 22749 | Orc:2    | 22749 ||| ENCHANTING +1 vampiric war axe.
 22750 | Orc:2    | 22750 ||| READING scroll of enchant weapon.
 22750 | Orc:2    | 22750 ||| ENCHANTING +2 vampiric war axe.
 22863 | Orc:2    | 22863 ||| FLEEEEING.
 22864 | Orc:2    | 22864 ||| INVOKING Heroism.
 22892 | Orc:2    | 22892 ||| Stepping ~*~*~tactically~*~*~ (hiding).
 22893 | Orc:2    | 22893 ||| Stepping ~*~*~tactically~*~*~ (hiding).
 22895 | Orc:2    | 22895 ||| Stepping ~*~*~tactically~*~*~ (hiding).
 22903 | Orc:2    | 22903 ||| DRINKING 10 potions of curing.
 22903 | Orc:2    | 22903 ||| (to cure confusion)
 22911 | Orc:2    | Found a staircase to the Elven Halls.
 22972 | Orc:2    | 22972 ||| INVOKING Heroism.
 23006 | Orc:2    | Identified the +10 short sword "Xemnie" {freeze, rC+}
 23080 | Orc:2    | 23080 ||| Stepping ~*~*~tactically~*~*~ (hiding).
 23083 | Orc:2    | 23083 ||| Stepping ~*~*~tactically~*~*~ (hiding).
 23084 | Orc:2    | 23084 ||| Stepping ~*~*~tactically~*~*~ (hiding).
 23085 | Orc:2    | 23085 ||| Stepping ~*~*~tactically~*~*~ (hiding).
 23086 | Orc:2    | 23086 ||| Stepping ~*~*~tactically~*~*~ (hiding).
 23102 | Orc:2    | 23102 ||| Stepping ~*~*~tactically~*~*~ (hiding).
 23104 | Orc:2    | 23104 ||| Stepping ~*~*~tactically~*~*~ (hiding).
 23107 | Orc:2    | 23107 ||| INVOKING Heroism.
 23110 | Orc:2    | 23110 ||| INVOKING Finesse.
 23112 | Orc:2    | 23112 ||| Stepping ~*~*~tactically~*~*~ (hiding).
 23113 | Orc:2    | 23113 ||| Stepping ~*~*~tactically~*~*~ (hiding).
 23199 | Orc:2    | 23199 ||| Stepping ~*~*~tactically~*~*~ (hiding).
 23309 | Orc:2    | 23309 ||| INVOKING Heroism.
 23330 | Orc:2    | 23330 ||| INVOKING Heroism.
 23375 | Orc:2    | Found Tulic's Armour Emporium.
 23391 | Orc:2    | 23391 ||| INVOKING Heroism.
 23448 | Orc:2    | 23448 ||| INVOKING Heroism.
 23479 | Orc:2    | 23479 ||| INVOKING Heroism.
 23486 | Orc:2    | Found Ahauwk's Book Shoppe.
 23532 | Orc:2    | 23532 ||| INVOKING Heroism.
 23575 | Orc:2    | 23575 ||| Stepping ~*~*~tactically~*~*~ (stealth).
 23662 | Orc:2    | Found Peureatz's Magic Scroll Shop.
 23663 | Orc:2    | 23663 ||| INVOKING Heroism.
 23679 | Orc:2    | 23679 ||| BUYING scroll of enchant weapon (82 gold).
 23679 | Orc:2    | Bought a scroll of enchant weapon for 82 gold pieces
 23679 | Orc:2    | 23679 ||| BUYING scroll of enchant weapon (82 gold).
 23679 | Orc:2    | Bought a scroll of enchant weapon for 82 gold pieces
 23679 | Orc:2    | 23679 ||| BUYING scroll of teleportation (33 gold).
 23679 | Orc:2    | Bought a scroll of teleportation for 33 gold pieces
 23679 | Orc:2    | 23679 ||| READING 2 scrolls of enchant weapon.
 23679 | Orc:2    | 23679 ||| ENCHANTING +3 vampiric war axe.
 23680 | Orc:2    | 23680 ||| READING scroll of enchant weapon.
 23680 | Orc:2    | 23680 ||| ENCHANTING +4 vampiric war axe.
 23687 | Orc:2    | Found Istofy's General Store.
 23705 | Orc:2    | 23705 ||| BUYING potion of lignification (36 gold).
 23705 | Orc:2    | Bought a potion of lignification for 36 gold pieces
 23705 | Orc:2    | 23705 ||| BUYING scroll of enchant weapon (90 gold).
 23705 | Orc:2    | Bought a scroll of enchant weapon for 90 gold pieces
 23705 | Orc:2    | 23705 ||| BUYING scroll of enchant weapon (90 gold).
 23705 | Orc:2    | Bought a scroll of enchant weapon for 90 gold pieces
 23705 | Orc:2    | 23705 ||| READING 2 scrolls of enchant weapon.
 23705 | Orc:2    | 23705 ||| ENCHANTING +5 vampiric war axe.
 23706 | Orc:2    | 23706 ||| READING scroll of enchant weapon.
 23706 | Orc:2    | 23706 ||| ENCHANTING +6 vampiric war axe.
 23740 | Orc:2    | 23740 ||| Stepping ~*~*~tactically~*~*~ (stealth).
 23741 | Orc:2    | 23741 ||| Stepping ~*~*~tactically~*~*~ (stealth).
 23753 | Orc:2    | 23753 ||| INVOKING Heroism.
 23904 | Orc:2    | 23904 ||| INVOKING Heroism.
 23911 | Orc:2    | Received a gift from Okawaru
 23918 | Orc:2    | 23918 ||| INVOKING Finesse.
 24183 | Orc:2    | 24183 ||| PLANNING SPIDER:1-3
 24183 | Orc:2    | 24183 ||| READING 10 scrolls of identify.
 24183 | Orc:2    | 24183 ||| IDENTIFYING fizzy ruby potion
 24355 | Spider:1 | Entered Level 1 of the Spider Nest
 24356 | Spider:1 | 24356 ||| INVOKING Finesse.
 24368 | Spider:1 | 24368 ||| INVOKING Heroism.
 24399 | Spider:1 | 24399 ||| Stepping ~*~*~tactically~*~*~ (hiding).
 24560 | Spider:1 | 24560 ||| Stepping ~*~*~tactically~*~*~ (hiding).
 24719 | Spider:1 | 24719 ||| INVOKING Heroism.
 24804 | Spider:1 | 24804 ||| DRINKING 10 potions of curing.
 24804 | Spider:1 | 24804 ||| (to cure confusion)
 24868 | Spider:1 | 24868 ||| INVOKING Finesse.
 24919 | Spider:1 | 24919 ||| READING scroll of enchant armour.
 24919 | Spider:1 | 24919 ||| ENCHANTING +1 plate armour of cold resistance.
 25271 | Spider:1 | 25271 ||| INVOKING Heroism.
 25444 | Spider:1 | 25444 ||| DROPPING +0 war axe of electrocution.
 25448 | Spider:1 | 25448 ||| DROPPING +2 plate armour of poison resistance.
 25557 | Spider:2 | 25557 ||| STAIRDANCE
 25613 | Spider:2 | Reached XP level 17. HP: 111/111 MP: 24/24
 25620 | Spider:2 | 25620 ||| DRINKING 9 potions of curing.
 25620 | Spider:2 | 25620 ||| (to cure confusion)
 25624 | Spider:2 | Identified the +2 ring mail "Wuhiralu" {Regen+ Str+8}
                  | (Okawaru gifted it to you on level 2 of the Spider Nest)
 25624 | Spider:2 | Received a gift from Okawaru
 25625 | Spider:2 | Reached skill level 14 in Shields
 25734 | Spider:2 | 25734 ||| INVOKING Heroism.
 25762 | Spider:2 | 25762 ||| READING scroll of acquirement.
 25762 | Spider:2 | 25762 ||| ACQUIRING 938 gold pieces
 25762 | Spider:2 | Acquired 938 gold pieces
 25778 | Spider:2 | 25778 ||| Stepping ~*~*~tactically~*~*~ (stealth).
 25825 | Spider:2 | 25825 ||| Stepping ~*~*~tactically~*~*~ (stealth).
 25826 | Spider:2 | 25826 ||| Stepping ~*~*~tactically~*~*~ (stealth).
 25827 | Spider:2 | 25827 ||| Stepping ~*~*~tactically~*~*~ (stealth).
 25828 | Spider:2 | 25828 ||| INVOKING Finesse.
 25853 | Spider:2 | 25853 ||| FLEEEEING.
 25862 | Spider:2 | 25862 ||| STAIRDANCE
 25981 | Spider:2 | 25981 ||| Stepping ~*~*~tactically~*~*~ (hiding).
 26087 | Spider:2 | Reached skill level 6 in Dodging
 26394 | Spider:3 | 26394 ||| INVOKING Finesse.
 26396 | Spider:3 | 26396 ||| STAIRDANCE
 26431 | Spider:3 | 26431 ||| INVOKING Heroism.
 26439 | Spider:3 | 26439 ||| READING 6 scrolls of teleportation.
 26473 | Spider:3 | 26473 ||| Stepping ~*~*~tactically~*~*~ (hiding).
 26476 | Spider:3 | 26476 ||| Stepping ~*~*~tactically~*~*~ (stealth).
 26479 | Spider:3 | 26479 ||| INVOKING Finesse.
 26533 | Spider:3 | 26533 ||| Stepping ~*~*~tactically~*~*~ (stealth).
 26539 | Spider:3 | 26539 ||| INVOKING Finesse.
 26546 | Spider:3 | 26546 ||| INVOKING Heroism.
 26622 | Spider:3 | 26622 ||| Stepping ~*~*~tactically~*~*~ (stealth).
 26623 | Spider:3 | 26623 ||| Stepping ~*~*~tactically~*~*~ (stealth).
 26633 | Spider:3 | 26633 ||| Stepping ~*~*~tactically~*~*~ (stealth).
 26679 | Spider:3 | 26679 ||| INVOKING Heroism.
 26712 | Spider:3 | Reached skill level 15 in Fighting
 27972 | Spider:3 | 27972 ||| Stepping ~*~*~tactically~*~*~ (hiding).
 27975 | Spider:3 | 27975 ||| Stepping ~*~*~tactically~*~*~ (hiding).
 28190 | Spider:3 | 28190 ||| PLANNING SHOALS:1-3
 28321 | Shoals:1 | Entered Level 1 of the Shoals
 28470 | Shoals:1 | 28470 ||| INVOKING Heroism.
 28508 | Shoals:1 | 28508 ||| Stepping ~*~*~tactically~*~*~ (stealth).
 28530 | Shoals:1 | 28530 ||| Stepping ~*~*~tactically~*~*~ (stealth).
 28588 | Shoals:1 | 28588 ||| Stepping ~*~*~tactically~*~*~ (hiding).
 28591 | Shoals:1 | 28591 ||| INVOKING Heroism.
 28606 | Shoals:1 | 28606 ||| Stepping ~*~*~tactically~*~*~ (hiding).
 28641 | Shoals:1 | 28641 ||| Stepping ~*~*~tactically~*~*~ (stealth).
 28644 | Shoals:1 | 28644 ||| Stepping ~*~*~tactically~*~*~ (stealth).
 28649 | Shoals:1 | 28649 ||| Stepping ~*~*~tactically~*~*~ (stealth).
 28674 | Shoals:1 | 28674 ||| INVOKING Heroism.
 28714 | Shoals:1 | Found Gujek's Book Emporium.
 28759 | Shoals:1 | 28759 ||| INVOKING Heroism.
 28787 | Shoals:1 | Received a gift from Okawaru
 28971 | Shoals:1 | 28971 ||| INVOKING Heroism.
 29300 | Shoals:1 | 29300 ||| DROPPING +6 ring of strength.
 29364 | Shoals:2 | Reached skill level 15 in Shields
 29446 | Shoals:2 | 29446 ||| INVOKING Heroism.
 29455 | Shoals:2 | Noticed Donald
 29472 | Shoals:2 | Killed Donald
 29494 | Shoals:2 | Noticed a kraken
 29503 | Shoals:2 | Killed a kraken
 29531 | Shoals:2 | 29531 ||| FLEEEEING.
 29532 | Shoals:2 | 29532 ||| FLEEEEING.
 29536 | Shoals:2 | Received a gift from Okawaru
 29555 | Shoals:2 | 29555 ||| INVOKING Heroism.
 29639 | Shoals:2 | Reached XP level 18. HP: 120/120 MP: 25/25
 29639 | Shoals:2 | 29639 ||| DROPPING +2 war axe of flaming.
 29647 | Shoals:2 | 29647 ||| Stepping ~*~*~tactically~*~*~ (hiding).
 29648 | Shoals:2 | 29648 ||| Stepping ~*~*~tactically~*~*~ (hiding).
 29649 | Shoals:2 | 29649 ||| Stepping ~*~*~tactically~*~*~ (hiding).
 29666 | Shoals:2 | 29666 ||| INVOKING Heroism.
 29706 | Shoals:2 | Noticed Polyphemus
 29707 | Shoals:2 | 29707 ||| Stepping ~*~*~tactically~*~*~ (stealth).
 29708 | Shoals:2 | 29708 ||| INVOKING Heroism.
 29709 | Shoals:2 | 29709 ||| INVOKING Finesse.
 29710 | Shoals:2 | 29710 ||| Stepping ~*~*~tactically~*~*~ (hiding).
 29712 | Shoals:2 | Noticed Louise
 29730 | Shoals:2 | Killed Polyphemus
 29756 | Shoals:2 | Received a gift from Okawaru
 29774 | Shoals:2 | Killed Louise
 29825 | Shoals:2 | 29825 ||| INVOKING Heroism.
 29860 | Shoals:2 | 29860 ||| Stepping ~*~*~tactically~*~*~ (hiding).
 29871 | Shoals:2 | Reached skill level 15 in Armour
 29896 | Shoals:2 | 29896 ||| INVOKING Heroism.
 30242 | Shoals:2 | 30242 ||| UPGRADING to +0 tower shield.
 30252 | Shoals:2 | 30252 ||| DROPPING +0 kite shield.
 30300 | Shoals:3 | 30300 ||| INVOKING Heroism.
 30333 | Shoals:3 | 30333 ||| INVOKING Heroism.
 30423 | Shoals:3 | 30423 ||| INVOKING Heroism.
 30424 | Shoals:3 | 30424 ||| INVOKING Finesse.
 30559 | Shoals:3 | 30559 ||| INVOKING Heroism.
 30640 | Shoals:3 | 30640 ||| INVOKING Heroism.
 30654 | Shoals:3 | Reached skill level 16 in Shields
 30797 | Shoals:3 | 30797 ||| Stepping ~*~*~tactically~*~*~ (hiding).
 30798 | Shoals:3 | 30798 ||| Stepping ~*~*~tactically~*~*~ (stealth).
 30799 | Shoals:3 | 30799 ||| Stepping ~*~*~tactically~*~*~ (hiding).
 30808 | Shoals:3 | 30808 ||| INVOKING Heroism.
 30832 | Shoals:3 | 30832 ||| INVOKING Finesse.
 30984 | Shoals:3 | 30984 ||| INVOKING Heroism.
 31129 | Shoals:3 | 31129 ||| INVOKING Heroism.
 31211 | Shoals:3 | 31211 ||| PLANNING SPIDER:4
 31343 | Spider:4 | Entered Level 4 of the Spider Nest
 31348 | Spider:4 | 31348 ||| INVOKING Heroism.
 31448 | Spider:4 | 31448 ||| INVOKING Heroism.
 31457 | Spider:4 | Reached skill level 17 in Shields
 31585 | Spider:4 | 31585 ||| Stepping ~*~*~tactically~*~*~ (stealth).
 31623 | Spider:4 | Received a gift from Okawaru
 31648 | Spider:4 | 31648 ||| INVOKING Finesse.
 31735 | Spider:4 | 31735 ||| Stepping ~*~*~tactically~*~*~ (stealth).
 31905 | Spider:4 | 31905 ||| INVOKING Finesse.
 31977 | Spider:4 | 31977 ||| Stepping ~*~*~tactically~*~*~ (hiding).
 31979 | Spider:4 | 31979 ||| INVOKING Heroism.
 31980 | Spider:4 | 31980 ||| INVOKING Finesse.
 32049 | Spider:4 | Received a gift from Okawaru
 32063 | Spider:4 | 32063 ||| INVOKING Heroism.
 32066 | Spider:4 | Reached skill level 18 in Shields
 32244 | Spider:4 | Got a gossamer rune of Zot
 32262 | Spider:4 | 32262 ||| INVOKING Heroism.
 32428 | Spider:4 | Identified the -1 kite shield of Okawaru's Whim {rC+ rCorr}
                  | (Okawaru gifted it to you on level 4 of the Spider Nest)
 32428 | Spider:4 | Received a gift from Okawaru
 32566 | Spider:4 | 32566 ||| Stepping ~*~*~tactically~*~*~ (stealth).
 32607 | Spider:4 | 32607 ||| INVOKING Finesse.
 32651 | Spider:4 | Reached XP level 19. HP: 125/125 MP: 26/26
 32655 | Spider:4 | 32655 ||| Stepping ~*~*~tactically~*~*~ (stealth).
 32687 | Spider:4 | 32687 ||| INVOKING Heroism.
 32854 | Spider:4 | 32854 ||| PLANNING VAULTS:1-4
 32854 | Spider:4 | 32854 ||| DROPPING scarf of resistance.
 32855 | Spider:4 | 32855 ||| DROPPING +1 hat.
 33039 | D:11     | 33039 ||| STAIRDANCE
 33193 | Vaults:1 | Entered Level 1 of the Vaults
 33199 | Vaults:1 | 33199 ||| INVOKING Heroism.
 33218 | Vaults:1 | Reached skill level 19 in Shields
 33248 | Vaults:1 | 33248 ||| INVOKING Finesse.
 33257 | Vaults:1 | 33257 ||| DRINKING 5 potions of cancellation.
 33416 | Vaults:1 | 33416 ||| Stepping ~*~*~tactically~*~*~ (hiding).
 33555 | Vaults:1 | 33555 ||| Stepping ~*~*~tactically~*~*~ (hiding).
 33859 | Vaults:1 | 33859 ||| DROPPING +1 war axe of electrocution.
 33866 | Vaults:1 | 33866 ||| Stepping ~*~*~tactically~*~*~ (stealth).
 34194 | Vaults:1 | 34194 ||| READING 5 scrolls of teleportation.
 34248 | Vaults:1 | 34248 ||| Stepping ~*~*~tactically~*~*~ (stealth).
 34249 | Vaults:1 | 34249 ||| Stepping ~*~*~tactically~*~*~ (stealth).
 34347 | Vaults:1 | 34347 ||| INVOKING Heroism.
 34434 | Vaults:1 | 34434 ||| Stepping ~*~*~tactically~*~*~ (stealth).
 34442 | Vaults:1 | 34442 ||| INVOKING Heroism.
 34624 | Vaults:1 | 34624 ||| READING scroll of enchant weapon.
 34624 | Vaults:1 | 34624 ||| ENCHANTING +7 vampiric war axe.
 34682 | Vaults:1 | 34682 ||| INVOKING Heroism.
 34932 | Vaults:1 | 34932 ||| Stepping ~*~*~tactically~*~*~ (stealth).
 34933 | Vaults:1 | 34933 ||| Stepping ~*~*~tactically~*~*~ (stealth).
 34935 | Vaults:1 | 34935 ||| Stepping ~*~*~tactically~*~*~ (stealth).
 34962 | Vaults:1 | Received a gift from Okawaru
 35309 | Vaults:2 | 35309 ||| PLANNING WIZLAB
 35312 | Vaults:2 | 35312 ||| INVOKING Heroism.
 35486 | Vaults:2 | 35486 ||| Stepping ~*~*~tactically~*~*~ (hiding).
 35490 | Vaults:2 | 35490 ||| INVOKING Heroism.
 35605 | Vaults:2 | 35605 ||| Stepping ~*~*~tactically~*~*~ (hiding).
 35609 | Vaults:2 | 35609 ||| INVOKING Heroism.
 35660 | Vaults:2 | Found a magical portal.
 35669 | WizLab   | Entered Zonguldrok's Shrine
 35709 | WizLab   | 35709 ||| INVOKING Heroism.
 35720 | WizLab   | Received a gift from Okawaru
 35783 | WizLab   | 35783 ||| Stepping ~*~*~tactically~*~*~ (stealth).
 35784 | WizLab   | 35784 ||| Stepping ~*~*~tactically~*~*~ (stealth).
 35848 | WizLab   | 35848 ||| Stepping ~*~*~tactically~*~*~ (hiding).
 35849 | WizLab   | 35849 ||| Stepping ~*~*~tactically~*~*~ (hiding).
 35850 | WizLab   | 35850 ||| Stepping ~*~*~tactically~*~*~ (hiding).
 35852 | WizLab   | 35852 ||| INVOKING Heroism.
 35899 | WizLab   | Noticed an antique lich
 35909 | WizLab   | Killed from afar by an antique lich

Levels and vault maps discovered:
D:1:      dpeg_arrival_simpleton_a, layout_loops_cross,
          chequers_ecumenical_altar_lobes, minmay_tall_x
D:2:      layout_loops_ring, roderic_serpentine_path, minmay_close_crescents,
          uniq_terence
D:3:      layout_basic
D:4:      layout_cave_pools, minmay_temple_entry_stoned_glass, serial_shops,
          kennysheep_mini_moat, minmay_a_box_with_orc_wizards_in_it,
          uniq_sigmund
D:5:      layout_loops_corners, nicolae_gozag_seed_capital,
          dk_yredelemnul_ordeal, okawaru_trees_2, ebering_ghost_rock_garden
D:6:      layout_cave_pools, nicolae_overflow_hidden_temple
D:7:      layout_gridville
D:8:      layout_rooms, mainiacjoe_overflow_concentric_impassable,
          grunt_temple_overflow_open, serial_ice, serial_ice_l, serial_ice_o,
          serial_ice_f, serial_ice_m, uniq_maggie
D:9:      layout_basic, tso_metal_star, due_lair_maze_entry_diamond,
          st_stairs_13, minivault_11
D:10:     minmay_stone_box, layout_basic, minmay_strange_pillars, uniq_grum
D:11:     layout_loops_ring, serial_shops, nicolae_shop_trees, shop_fountains,
          kennysheep_mini, nzn_sisyphean_effort, uniq_erica
D:12:     layout_roguey, kennysheep_orc_monster_closet_entryway,
          gammafunk_ghost_split, serial_shops, shop, minmay_variable_closet,
          nicolae_splish_splash, uniq_snorg
D:13:     layout_loops_ring, david_vaults_3, uniq_kirke, uniq_rupert
D:14:     layout_cave_pods, serial_shops, nicolae_shop_advertising_works
          [nicolae_subvault_shop_adworks], gauntlet_entry_generic,
          nicolae_sextant, uniq_nessos
D:15:     grunt_enter_depths_giant_problem, layout_gridville, fountainhead
Temple:   jpeg_temple_clearing
Lair:1:   layout_cave_shapes, beast_lair_carwin_6
Lair:2:   wander_river, layout_hall_layers, shoals_dummy_entry,
          nicolae_lair_run_with_the_wolves, uniq_prince_ribbit2, uniq_urug
Lair:3:   layout_regular_city, spider_nest_entry_a, lemuel_fruit_tree,
          uniq_sonja
Lair:4:   layout_cave_shapes, kennysheep_rathole
Lair:5:   hellmonk_lair_end_abyssal_woods, layout_loops_ring, slime_entry_2,
          enter_volcano_4, serial_bayou_ford_a, serial_bayou_shore_a
Shoals:1: layout_shoals, serial_shops, shop, nicolae_shoals_nautilus_by_nature
Shoals:2: layout_shoals, uniq_donald, uniq_polyphemus, uniq_louise
Shoals:3: layout_shoals, nicolae_shoals_circle_sea_wall
Spider:1: layout_spider_delve
Spider:2: layout_spider_delve
Spider:3: layout_chambers, spiders_nest_spider_trap
Spider:4: spider_rune_water, drop_trap, nicolae_spider_twisty_arc_passages
Orc:1:    layout_caves
Orc:2:    pubby_orc_utopia
Vaults:1: ontoclasm_vaults_twist, grunt_vaults_hallway_long, vaults_dpeg_cross,
          hangedman_vaults_pinch, hangedman_vaults_stagger,
          hangedman_vaults_snaps, hangedman_vaults_maws,
          nicolae_vaults_shelves_hall, nicolae_vaults_alarming,
          ontoclasm_vaults_shuriken, vaults_dpeg_doors,
          vaults_dpeg_encased_lava, vaults_dpeg_emergency_exit, serial_ice_b,
          layout_vaults_quadrants
Vaults:2: mu_enter_wizlab_6, nicolae_vaults_circle_grid_a, v_misc_15,
          ontoclasm_vaults_tryst, vaults_room_stairs_pillars,
          vaults_mumra_chevron, ontoclasm_vaults_chip, v_alt_pattern_5,
          vaults_dpeg_diagonal, vaults_room_grunt_arrival_ludios, v_misc_13,
          nicolae_vaults_what_the_h, layout_vaults_ring,
          nicolae_trove_entry_crossroad
WizLab:   wizlab_zonguldrok

Skill      XL: |  1  2  3  4  5  6  7  8  9 10 11 12 13 14 15 16 17 18 19 |
---------------+----------------------------------------------------------+-----
Axes           | 2 3 4 5 6 8 9 10 11 12 14 16 | 16.4
Throwing       | 3 4 5 6 7 8 |  8.0
Dodging        | 2 3 4 5 6 7 |  7.0
Fighting       | 4 5 7 8 9 10 11 12 14 15 16 17 | 17.0
Armour         | 4 5 7 8 9 10 11 12 13 14 15 16 | 16.0
Invocations    | 1 4 9 10 | 10.0
Shields        | 4 5 6 7 12 13 15 18 19 | 19.3

Action                   |  1- 3 |  4- 6 |  7- 9 | 10-12 | 13-15 | 16-18 | 19-21 || total
-------------------------+-------+-------+-------+-------+-------+-------+-------++-------
Melee: War axe           |    75 |    84 |   135 |   210 |   190 |  1901 |   507 ||  3102
       Broad axe         |       |       |       |   114 |   829 |       |       ||   943
Throw: Javelin           |    17 |    31 |    11 |    32 |   165 |   131 |    14 ||   401
       Boomerang         |       |     4 |    33 |    74 |    48 |    87 |    72 ||   318
Invok: Heroism           |       |       |     2 |    23 |    48 |    54 |    10 ||   137
       Finesse           |       |       |       |     5 |    14 |    18 |     1 ||    38
  Use: Scroll            |     6 |     6 |     3 |    13 |     6 |    11 |     2 ||    47
       Potion            |       |       |     5 |     3 |     8 |     4 |     1 ||    21
 Stab: Distracted        |       |       |       |     5 |       |       |       ||     5
       Petrifying        |       |       |       |       |       |     9 |       ||     9
       Petrified         |       |       |       |       |       |     9 |       ||     9
       Held in net/web   |       |       |       |       |       |     1 |       ||     1
Armor: Scale mail        |    54 |    18 |    21 |       |       |       |       ||    93
       Chain mail        |       |       |    32 |     4 |       |       |       ||    36
       Plate armour      |       |       |       |    88 |   360 |   820 |   158 ||  1426
Dodge: Dodged            |    41 |    30 |    35 |    64 |   212 |   484 |   114 ||   980
       Repelled          |       |       |       |     2 |     3 |    10 |       ||    15
Block: Buckler           |    23 |    33 |    50 |   107 |   328 |       |       ||   541
       Reflection        |       |       |     1 |     3 |    36 |       |       ||    40
       Kite shield       |       |       |       |       |   202 |   809 |       ||  1011
       Tower shield      |       |       |       |       |       |   457 |   443 ||   900

Table legend:
 A = Non-vault XP
 B = Vault XP
 C = Vault XP percentage of total XP
 D = Non-vault monster count
 E = Vault monster count
 F = Vault count percentage of total count
                 A         B        C        D         E       F
            +---------+---------+-------+---------+---------+-------
      Total |  268740 |  113165 |  29.6 |     774 |     413 |  34.8
            +---------+---------+-------+---------+---------+-------
        D:1 |      18 |       7 |  28.0 |      13 |       4 |  23.5
        D:2 |      41 |     171 |  80.7 |      18 |       4 |  18.2
        D:3 |     141 |       0 |   0.0 |      18 |       0 |   0.0
        D:4 |     155 |     258 |  62.5 |      14 |       2 |  12.5
        D:5 |     813 |       3 |   0.4 |      25 |       3 |  10.7
        D:6 |     200 |       0 |   0.0 |       7 |       0 |   0.0
        D:7 |     749 |       0 |   0.0 |      15 |       0 |   0.0
        D:8 |    1037 |    1853 |  64.1 |      17 |      11 |  39.3
        D:9 |    1420 |    1785 |  55.7 |      17 |      14 |  45.2
       D:10 |    2445 |     500 |  17.0 |       7 |       4 |  36.4
       D:11 |    6479 |    1657 |  20.4 |      12 |       2 |  14.3
       D:12 |   14360 |    4309 |  23.1 |      47 |      25 |  34.7
       D:13 |    9408 |    8857 |  48.5 |      22 |      21 |  48.8
       D:14 |    4151 |    1042 |  20.1 |      14 |       1 |   6.7
       D:15 |   15554 |    1193 |   7.1 |      30 |       1 |   3.2
     Lair:1 |    1459 |    2201 |  60.1 |       7 |       7 |  50.0
     Lair:2 |    3870 |    3432 |  47.0 |      15 |      15 |  50.0
     Lair:3 |   10313 |     785 |   7.1 |      28 |       1 |   3.4
     Lair:4 |   10106 |     137 |   1.3 |      27 |       9 |  25.0
     Lair:5 |   17291 |   10662 |  38.1 |      47 |      38 |  44.7
   Shoals:1 |   18537 |       0 |   0.0 |      40 |       0 |   0.0
   Shoals:2 |   22988 |    7481 |  24.6 |      44 |       7 |  13.7
   Shoals:3 |   26040 |       0 |   0.0 |      50 |       0 |   0.0
   Spider:1 |   12845 |       0 |   0.0 |      34 |       0 |   0.0
   Spider:2 |   13657 |       0 |   0.0 |      34 |       0 |   0.0
   Spider:3 |   12551 |    3179 |  20.2 |      27 |       9 |  25.0
   Spider:4 |   17721 |   17973 |  50.4 |      37 |      38 |  50.7
      Orc:1 |    3977 |     272 |   6.4 |      30 |      12 |  28.6
      Orc:2 |       0 |   20271 | 100.0 |       0 |     140 | 100.0
   Vaults:1 |   32173 |    7837 |  19.6 |      45 |      15 |  25.0
   Vaults:2 |    5398 |    8016 |  59.8 |       9 |      10 |  52.6
     WizLab |    2843 |    4489 |  61.2 |      24 |       5 |  17.2
   Gauntlet |       0 |    4795 | 100.0 |       0 |      15 | 100.0
            +---------+---------+-------+---------+---------+-------
